 Dungeon Crawl Stone Soup version 0.17-a0-1504-gb7d9117 (webtiles) character file.

33677 amnekian the Basher (level 14, -4/109 HPs)
             Began as a Human Chaos Knight on July 8, 2015.
             Was an Initiate of Gozag.
             Slain by an orc warrior
             ... wielding a +0 halberd
              (11 damage)
             ... on level 4 of the Orcish Mines.
             The game lasted 02:48:39 (30836 turns).

amnekian the Basher (Human Chaos Knight)           Turns: 30836, Time: 02:48:39

Health: -4/109     AC: 23    Str: 19    XL:     14   Next: 9%
Magic:  19/19      EV: 16    Int: 16    God:    Gozag
Gold:   3381       SH:  4    Dex: 18    Spells: 1 memorised, 11 levels left

rFire  . . .     SeeInvis .     a - +1 flail (freeze)
rCold  + . .     Clarity  .     c - +3 leather armour
rNeg   . . .     SustAt   .     H - +0 buckler
rPois  .         Gourm    .     (helmet restricted)
rElec  .         Spirit   .     q - +2 cloak
rCorr  .         Warding  .     R - +0 pair of gloves
rMut   .         Stasis   .     A - +0 pair of boots "Wihoiwk" {Str+2 Int+4}
MR     +....                    (no amulet)
Stlth  +++.......               K - +6 ring of protection
                                v - ring of protection from cold

@: starving, heavily drained, somewhat resistant to hostile enchantments, fairly
stealthy
A: antennae 1, iridescent scales 1, agile 1, strong 1
a: Potion Petition, Call Merchant, Bribe Branch, Renounce Religion


You were on level 4 of the Orcish Mines.
You worshipped Gozag.
Gozag was noncommittal.
You were starving.

You visited 5 branches of the dungeon, and saw 22 of its levels.
You also visited: Sewer.

You collected 5792 gold pieces.
You spent 818 gold pieces at shops.
You paid 1593 gold pieces to Gozag.

Inventory:

Hand weapons
 a - a +1 flail of freezing (weapon)
 b - a +0 blowgun
Missiles
 k - 7 javelins
 l - 8 curare-tipped needles
 m - 375 stones
 n - 2 steel tomahawks
 p - 4 javelins of returning
 s - 84 arrows
 w - 88 poisoned needles
 L - 28 tomahawks (quivered)
Armour
 c - a +3 leather armour (worn)
 q - a +2 cloak (worn)
 A - the +0 pair of boots "Wihoiwk" (worn) {Str+2 Int+4}
   (You found it on level 3 of the Lair of Beasts)

   It affects your strength (+2).
   It affects your intelligence (+4).
 H - a +0 buckler (worn)
 R - a +0 pair of gloves (worn)
Jewellery
 h - an uncursed amulet of stasis
 v - a ring of protection from cold (left hand)
 E - an uncursed ring of flight
 G - an uncursed ring of magical power
 K - a +6 ring of protection (right hand)
Magical devices
 f - a wand of digging (15)
 g - a wand of lightning (8)
 r - a wand of fireball (5)
 y - a wand of teleportation (6)
 C - a wand of slowing (6)
 P - a wand of lightning (2)
 U - a wand of enslavement (21)
Scrolls
 d - 4 scrolls of remove curse
 F - 4 scrolls of recharging
 I - 2 scrolls of teleportation
 M - 3 scrolls of identify
 N - a scroll of enchant armour
 O - 2 scrolls of summoning
 S - 2 scrolls of immolation
 V - a scroll of fog
 Z - 2 scrolls of blinking
Potions
 e - a potion of magic
 j - a potion of lignification
 o - 2 potions of flight
 u - 3 potions of mutation
 B - a potion of brilliance
 D - a potion of ambrosia {unknown}
 J - 5 potions of curing
Books
 i - a book of the Dragon

   Spells                             Type                      Level
   a - Flame Tongue                   Conjuration/Fire             1
   b - Cause Fear                     Hexes                        4
   c - Bolt of Fire                   Conjuration/Fire             6
   d - Dragon Form                    Transmutation                7
   e - Dragon's Call                  Summoning                    9
 t - a book of Hinderance

   Spells                             Type                      Level
   a - Confusing Touch                Hexes                        2
   b - Confuse                        Hexes                        3
   c - Gell's Gravitas                Hexes/Translocation          3
   d - Petrify                        Transmutation/Earth          4
   e - Metabolic Englaciation         Hexes/Ice                    5
 x - a book of Changes

   Spells                             Type                      Level
   a - Beastly Appendage              Transmutation                1
   b - Sticks to Snakes               Transmutation                2
   c - Spider Form                    Transmutation/Poison         3
   d - Ice Form                       Ice/Transmutation            4
   e - Blade Hands                    Transmutation                5


   Skills:
 * Level 9.9(8.2) Fighting
 - Level 14.0(12.2) Maces & Flails
 - Level 9.1(7.5) Armour
 - Level 9.0(7.4) Dodging
 - Level 7.0(5.5) Stealth
 - Level 3.0(1.6) Transmutations
 - Level 6.8(5.3) Evocations


You had 11 spell levels left.
You knew the following spells:

 Your Spells              Type           Power        Failure   Level  Hunger
a - Sticks to Snakes      Trmt           #.........   38%         2    ###....


Dungeon Overview and Level Annotations

Branches:
Dungeon (11/15)            Temple (1/1) D:6            Lair (5/8) D:9
  Snake (0/4) Lair:3          Orc (4/4) D:10            Elf (1/3) Orc:3
  Swamp: Lair:3-6    Shoals: Lair:3-6

Altars:
Cheibriados
Fedhas
Gozag
Qazlal
Trog
Yredelemnul
The Shining One
Beogh

Shops:
D:9 [   D:10 !([[[   D:12 %   Orc:4 [=

Annotations:
D:1 1 runed door
D:4 4 exclusions, Pikel
D:7 Dowan, Duvessa
D:9 urechis's ghost, experienced OgGl
D:11 exclusion: hungry ghost
Lair:2 MordorOrchid's ghost, powerful TrMo
Lair:5 exclusion: oklob plant


Innate Abilities, Weirdness & Mutations

You have a pair of small antennae on your head.
You are partially covered in iridescent scales (AC +4).
You are agile. (Dex +2)
Your muscles are strong. (Str +2)


Message History

The orcs go into a battle-frenzy!
The orc warrior hits the fungus with a trident!
Unknown command.
Drink which item? (? for menu, Esc to quit)
Okay, then.
The orc sorcerer mumbles some strange words.
The orc warlord roars a battlecry!
The orcs go into a battle-frenzy!
The orc warrior shouts!
You hit the fungus. You freeze the fungus.
The fungus is lightly damaged.
The orc high priest prays to Beogh.
You block the orc warrior's attack.
The orc sorcerer casts a spell.
The orc priest hits you but does no damage.
A hobgoblin comes into view.
The orc warrior hits the fungus with a short sword!
The orc warrior hits you from afar with a halberd!
You die...
Your body crumbles into a pile of gold.

g....o.....#.....## ####
..................##.#.#
.o4.oooo...<........... $
....∩o8.o.(..........#
......4P.P(......#...###
...4...To.............#.
......ooO.o....$........
........oo....o.o.....#.
......P@o............... $
............#......4....
.#..##..#....(.....$....
.##....#.................#
....#.............(........
............................
...........................$.
.............................
............$................


You could see an orc warlord, an orc knight (frenzied), an orc high priest
(frenzied), a hellwing, a rust devil, a troll, a blue devil, 2 orc sorcerers, 6
orc warriors, an ogre, 2 orc priests and 2 orcs.

Vanquished Creatures
  Snorg (Orc:1)
  The ghost of HEYYEYAAE the Grappler, a powerful TrMo of Ru (Orc:1)
  3 hydras
  7 death yaks
  Sonja (Lair:4)
  2 skeletal warriors (D:9)
  An orc knight (Orc:2)
  2 hill giants
  Maurice (D:9)
  4 elephants
  3 black mambas
  A fire drake (Lair:1)
  9 spiny frogs
  2 komodo dragons
  A polar bear (Lair:1)
  A troll (Orc:4)
  6 blink frogs
  A boulder beetle (Lair:5)
  Sigmund (D:5)
  A hungry ghost (D:8)
  2 basilisks
  2 wyverns (Lair:5)
  27 yaks
  4 hippogriffs
  A steam dragon (D:9)
  3 nagas (Lair:3)
  2 wargs (Orc:1)
  7 water moccasins
  16 orc warriors
  An ice beast (D:5)
  2 slaves
  A phantom (D:4)
  11 porcupines
  2 sky beasts
  5 ogres
  2 necrophages
  A wasp (D:10)
  6 crocodiles
  3 centaurs
  2 big kobolds
  13 giant frogs
  2 gnoll sergeants
  2 scorpions
  A wyvern skeleton (D:8)
  2 killer bees (D:8)
  3 wights
  2 crimson imps
  7 orc priests
  2 centaur zombies
  4 hounds
  10 iguanas
  A jelly (D:11)
  A giant frog skeleton (D:9)
  Terence (D:4)
  Natasha (thrice) (D:3)
  11 orc wizards
  8 worker ants
  12 sheep
  A hound skeleton (D:8)
  14 gnolls
  26 river rats
  19 adders
  5 shadow imps
  13 oozes
  3 adder skeletons
  A worm (D:3)
  13 giant geckos
  116 orcs
  11 ball pythons
  2 bat zombies (D:5)
  13 giant cockroaches
  14 hobgoblins
  46 kobolds
  19 bats
  20 giant newts
  20 goblins
  4 jackals
  A jackal skeleton (D:5)
  3 quokkas
  18 rats
  A fungus (D:9)
  8 plants
625 creatures vanquished.

Vanquished Creatures (collateral kills)
  A fungus (Lair:2)
1 creature vanquished.

Vanquished Creatures (others)
  A worker ant (D:8)
  2 orcs (Orc:4)
  15 fungi
  7 plants
25 creatures vanquished.

Grand Total: 651 creatures vanquished

Notes
Turn   | Place    | Note
--------------------------------------------------------------
     0 | D:1      | amnekian the Human Chaos Knight began the quest for the Orb.
     0 | D:1      | Reached XP level 1. HP: 18/18 MP: 1/1
     1 | D:1      | Found a runed door.
    78 | D:1      | Reached XP level 2. HP: 24/24 MP: 2/2
   489 | D:1      | Reached skill level 4 in Maces & Flails
   489 | D:1      | Reached XP level 3. HP: 29/29 MP: 3/3
   570 | D:1      | XOM: harmless Chrm miscast
   849 | D:1      | XOM: harmless Hex miscast
   967 | D:1      | XOM: silly message
  1019 | D:2      | XOM: stealth player
  1082 | D:2      | Reached XP level 4. HP: 20/35 MP: 4/4
  1396 | D:2      | XOM: harmless Air miscast
  1581 | D:2      | XOM: harmless Pois miscast
  1690 | D:2      | Noticed Terence
  1690 | D:2      | XOM: harmless Tloc miscast
  1886 | D:2      | Reached skill level 5 in Maces & Flails
  1927 | D:2      | XOM: silly message
  2107 | D:2      | XOM: 2-stop teleportation journey
  2186 | D:2      | Reached XP level 5. HP: 41/41 MP: 5/5
  2207 | D:2      | Found a bloodstained altar of Trog.
  2356 | D:3      | XOM: medium Divn miscast
  2411 | D:3      | Noticed Natasha
  2429 | D:3      | Killed Natasha
  2652 | D:3      | XOM: give mutation
  2652 | D:3      | Gained mutation: You have a pair of small antennae on your head. [Xom's grace]
  2987 | D:3      | Noticed Natasha
  2996 | D:3      | Killed Natasha
  2996 | D:3      | Reached skill level 6 in Maces & Flails
  3060 | D:3      | Found a basalt altar of Yredelemnul.
  3060 | D:3      | Found an opulent altar of Gozag.
  3219 | D:3      | Fell from the grace of Xom
  3219 | D:3      | Became a worshipper of Gozag Ym Sagoz the Greedy
  3442 | D:3      | Reached XP level 6. HP: 47/47 MP: 6/6
  3536 | D:3      | Noticed Natasha
  3539 | D:3      | Killed Natasha
  3582 | D:4      | Noticed a slave
  3582 | D:4      | Noticed a slave
  3583 | D:4      | Noticed Pikel
  3583 | D:4      | Noticed a slave
  3601 | D:3      | Killed a slave
  3763 | D:4      | Found a glowing drain.
  3839 | Sewer    | Entered a sewer
  4450 | Sewer    | Reached skill level 7 in Maces & Flails
  4490 | Sewer    | XOM: mild Air miscast
  4716 | Sewer    | Reached XP level 7. HP: 29/52 MP: 7/7
  5274 | D:4      | XOM: mild Summ miscast
  5481 | D:4      | XOM: noise
  5581 | D:4      | Killed a slave
  5582 | D:4      | Noticed a slave
  5756 | D:4      | Reached skill level 8 in Maces & Flails
  6033 | D:4      | Killed Terence
  6293 | D:5      | Entered Level 5 of the Dungeon
  6315 | D:5      | Noticed Sigmund
  6667 | D:6      | Noticed a yak
  6668 | D:6      | Noticed a yak
  6668 | D:6      | Noticed a yak
  6668 | D:6      | Noticed a yak
  6726 | D:5      | XOM: mild Necr miscast
  6884 | D:5      | XOM: 9-stop teleportation journey
  7269 | D:5      | Reached XP level 8. HP: 46/58 MP: 8/8
  7325 | D:5      | XOM: medium Tloc miscast
  7347 | D:5      | Reached skill level 9 in Maces & Flails
  7701 | D:5      | XOM: mild Fire miscast
  8059 | D:5      | XOM: noise
  8092 | D:6      | XOM: medium Divn miscast
  8424 | D:6      | XOM: mild Chrm miscast
  8750 | D:7      | Noticed Dowan
  8752 | D:7      | Noticed Duvessa
  9119 | D:5      | XOM: stat loss: -3 Dex (10/13)
  9139 | D:5      | Reached skill level 10 in Maces & Flails
  9201 | D:5      | Killed Sigmund
  9734 | D:5      | Killed a yak
  9734 | D:5      | Reached skill level 5 in Fighting
  9734 | D:5      | Reached XP level 9. HP: 53/68 MP: 9/9
  9934 | D:5      | XOM: mild Ice miscast
  9986 | D:6      | XOM: medium Necr miscast
 10013 | D:5      | Killed a yak
 10283 | D:5      | Killed a yak
 10353 | D:6      | Killed a yak
 10454 | D:6      | Found a snail-covered altar of Cheibriados.
 10630 | D:6      | Found a staircase to the Ecumenical Temple.
 10736 | Temple   | Entered the Ecumenical Temple
 10794 | D:6      | XOM: noise
 10921 | D:7      | Found a glowing golden altar of the Shining One.
 11089 | D:8      | Found a stormy altar of Qazlal.
 11117 | D:8      | Noticed a hill giant
 11488 | D:8      | XOM: mild Chrm miscast
 11539 | D:8      | XOM: medium Air miscast
 11701 | D:8      | XOM: noise
 11749 | D:8      | Found a blossoming altar of Fedhas.
 11808 | D:8      | Killed a hill giant
 11808 | D:8      | Reached XP level 10. HP: 51/80 MP: 10/10
 11856 | D:8      | XOM: noise
 12093 | D:8      | XOM: give mutation
 12093 | D:8      | Gained mutation: You are agile. (Dex +2) [Xom's mischief]
 12556 | D:9      | Noticed Maurice
 12853 | D:9      | Found a staircase to the Lair.
 13421 | D:9      | Killed Maurice
 13421 | D:9      | Reached skill level 5 in Dodging
 13839 | D:8      | XOM: summons 4 hostile shadow creatures
 13994 | D:9      | Found Zaozaug's Antique Armour Boutique.
 14004 | D:9      | Bought a pair of shimmering boots for 332 gold pieces
 14009 | D:9      | Identified the cursed +0 pair of boots "Namoh" {MR- Str+2 Int+6} (You bought it in a shop on level 9 of the Dungeon)
 14176 | D:10     | Entered Level 10 of the Dungeon
 14266 | D:9      | XOM: summons 4 hostile demons
 14267 | D:9      | Noticed a smoke demon
 14284 | D:9      | XOM: noise
 14306 | D:9      | Learned a level 2 spell: Sticks to Snakes
 14440 | D:9      | Noticed urechis's ghost (experienced OgGl)
 14617 | D:10     | Reached skill level 1 in Transmutations
 14938 | D:10     | Found Haalim's Distillery.
 14943 | D:10     | Bought a potion of degeneration for 13 gold pieces
 14943 | D:10     | Bought a potion of curing for 39 gold pieces
 14943 | D:10     | Bought a potion of curing for 39 gold pieces
 14943 | D:10     | Bought 2 potions of heal wounds for 130 gold pieces
 14943 | D:10     | Bought a potion of haste for 130 gold pieces
 15234 | D:10     | Found Naexam's Antique Armour Shoppe.
 15273 | D:10     | Bought a pair of gloves for 135 gold pieces
 15294 | D:10     | Found Gutritzao's Armour Shop.
 15380 | D:10     | Found Cyiwot's Antique Armour Emporium.
 15469 | D:10     | Found Kemoadgh's Weapon Shoppe.
 15639 | D:11     | Was forgiven by Xom
 15695 | D:11     | Reached XP level 11. HP: 82/85 MP: 11/11
 16056 | D:11     | Gained mutation: Your muscles are strong. (Str +2) [potion of beneficial mutation]
 16057 | D:11     | Gained mutation: You are partially covered in iridescent scales (AC +4). [potion of beneficial mutation]
 16316 | D:11     | Noticed a hill giant
 16381 | D:11     | Killed a hill giant
 16727 | D:11     | Noticed a brown ugly thing
 16869 | Lair:1   | Entered Level 1 of the Lair of Beasts
 18199 | D:9      | Noticed a cyclops
 18255 | D:9      | Noticed a skeletal warrior
 18257 | D:9      | Noticed a skeletal warrior
 18257 | D:9      | Noticed a skeletal warrior
 18259 | D:9      | Noticed a skeletal warrior
 18534 | Lair:1   | Noticed a six-headed hydra
 18557 | Lair:1   | Killed a six-headed hydra
 18557 | Lair:1   | Reached skill level 5 in Evocations
 19347 | Lair:3   | Noticed a five-headed hydra
 19536 | Lair:2   | Reached XP level 12. HP: 67/93 MP: 16/16
 19582 | Lair:2   | Noticed MordorOrchid's ghost (powerful TrMo)
 20328 | Lair:2   | Reached skill level 11 in Maces & Flails
 20505 | Lair:3   | Noticed a four-headed hydra
 20639 | Lair:3   | Noticed a death yak
 20716 | Lair:3   | Killed a death yak
 20957 | Lair:3   | Noticed a death yak
 20958 | Lair:3   | Noticed a death yak
 20994 | Lair:3   | Found a staircase to the Snake Pit.
 21035 | Lair:3   | Noticed a death yak
 21096 | Lair:3   | Killed a death yak
 21407 | Lair:2   | Reached skill level 12 in Maces & Flails
 21946 | Lair:2   | Killed a death yak
 22115 | Lair:3   | Killed a death yak
 22399 | Lair:3   | Killed a four-headed hydra
 22399 | Lair:3   | Reached skill level 13 in Maces & Flails
 22557 | Lair:3   | Got a pair of ichor-stained boots
 22589 | Lair:3   | Killed a five-headed hydra
 22589 | Lair:3   | Reached XP level 13. HP: 37/98 MP: 18/18
 23383 | Lair:3   | Identified the +0 pair of boots "Wihoiwk" {Str+2 Int+4} (You found it on level 3 of the Lair of Beasts)
 23895 | Lair:4   | Reached skill level 14 in Maces & Flails
 24392 | Lair:4   | Noticed Sonja
 24415 | Lair:4   | Killed Sonja
 24415 | Lair:4   | Reached skill level 5 in Armour
 27452 | D:9      | Killed a skeletal warrior
 27495 | D:9      | Killed a skeletal warrior
 27954 | D:10     | Found a roughly hewn altar of Beogh.
 27954 | D:10     | Found a staircase to the Orcish Mines.
 28183 | Orc:1    | Entered Level 1 of the Orcish Mines
 28380 | Orc:1    | Noticed HEYYEYAAE's ghost (powerful TrMo)
 29180 | Orc:1    | HP: 4/99 [HEYYEYAAE's ghost (28)]
 29199 | Orc:1    | Killed HEYYEYAAE's ghost
 29506 | Orc:1    | Noticed Snorg
 29647 | Orc:1    | Killed Snorg
 29647 | Orc:1    | Reached XP level 14. HP: 108/108 MP: 19/19
 30688 | Orc:3    | Found a staircase to the Elven Halls.
 30697 | Elf:1    | Entered Level 1 of the Elven Halls
 30726 | Orc:4    | Entered Level 4 of the Orcish Mines
 30752 | Orc:4    | Found Effoel's Jewellery Emporium.
 30816 | Orc:4    | Paralysed by an orc sorcerer for 3 turns
 30829 | Orc:4    | Found Batupp's Antique Armour Shop.
 30829 | Orc:4    | Noticed an orc warlord
 30836 | Orc:4    | Slain by an orc warrior

Vault maps used:
D:1:      dpeg_arrival_caged_fury, grunt_decor_mini_mirrors, hex_large,
          st_stairs_5
D:2:      bloody_trog, uniq_terence
D:3:      amethyst_overflow_temple_binary, uniq_natasha
D:4:      portal_sewer_entry_d, first_bread, hangedman_decor_growths, uniq_pikel
D:5:      kennysheep_kobold_camp, uniq_sigmund
D:6:      cheibriados_altar_wand_db, minmay_temple_entry_enclosed_plants
D:7:      gammafunk_temple_overflow_claw, basic_altar, st_stairs_8,
          grunt_livestock, uniq_duvessa
D:8:      grunt_qazlal_clouds, corexii_leaking_fountain, fedhas_altar_1
D:9:      minmay_lair_entry_grove, serial_shops, nicolae_shop_crystal,
          grunt_ministairs_8, kennysheep_generic_room_9, uniq_maurice
D:10:     david_orc_5, serial_shops, shop_fountains, kennysheep_little_box,
          nicolae_shop_behind_doors, nicolae_shop_stone, shop
D:11:     bh_walls_and_bars
Temple:   oiseaux_autumnal_temple_12
Lair:1:   st_stairs_13, grunt_megastairs_3
Lair:2:   st_stairs_11
Lair:3:   guppyfry_snake_entry_garden
Lair:4:   uniq_sonja
Lair:5:   beast_lair_carwin_large_2, minmay_lair_oklob_bushes
Orc:1:    enter_bailey_3, uniq_snorg
Orc:2:    serial_shops, nicolae_shop_window_shopping
Orc:3:    nicolae_orc_pool_cavern
Orc:4:    grunt_orc_gardens, grunt_orc_garden, grunt_orc_garden,
          grunt_orc_garden, grunt_orc_garden, uniq_azrael
Elf:1:    minmay_elf_arrival_circle, portal_ice_cave_demonic_guard,
          serial_shops, nicolae_shop_trees, minmay_elf_demonology,
          hangedman_elf_represent
Sewer:    sewer_frog_island_02

Action                   |  1- 3 |  4- 6 |  7- 9 | 10-12 | 13-15 || total
-------------------------+-------+-------+-------+-------+-------++-------
Melee: Mace              |    74 |    89 |       |       |       ||   163
       Flail             |       |   334 |   571 |   799 |   856 ||  2560
 Fire: Blowgun           |       |       |    60 |   193 |    47 ||   300
       Shortbow          |       |       |    13 |    20 |       ||    33
       Hunting sling     |       |       |       |     2 |       ||     2
Throw: Stone             |       |     1 |    18 |     9 |    10 ||    38
       Tomahawk          |       |       |       |    43 |     6 ||    49
       Javelin           |       |       |       |     3 |    14 ||    17
 Cast: Sticks to Snakes  |       |       |       |     1 |       ||     1
Invok: Potion Petition   |       |       |     1 |     3 |       ||     4
       Call Merchant     |       |       |       |       |     1 ||     1
Evoke: Wand              |       |       |     3 |    18 |     2 ||    23
  Use: Potion            |       |     3 |     4 |     4 |     6 ||    17
       Scroll            |       |     4 |     6 |    14 |     6 ||    30
 Stab: Sleeping          |     2 |       |     1 |    11 |     3 ||    17
       Distracted        |       |       |     1 |    12 |    13 ||    26
  Eat: Chunk             |     1 |     7 |     2 |       |       ||    10
       Bread ration      |       |     2 |     1 |     2 |     1 ||     6
       Fruit             |       |       |     5 |     3 |       ||     8
       Meat ration       |       |       |     3 |     2 |     3 ||     8
       Beef jerky        |       |       |     1 |     3 |     3 ||     7
       Royal jelly       |       |       |       |     1 |       ||     1
       Pizza             |       |       |       |     1 |       ||     1
